 Dungeon Crawl Stone Soup version 0.29.1-15-g9cfb28693d (webtiles) character file.

Game seed: 5144247476600627162

120 Mysteryquy the Fighter (level 5, -2/51 HPs)
             Began as a Gnoll Wanderer on May 2, 2023.
             Was a Believer of Trog.
             Slain by Grinder (4 damage)
             ... on level 3 of the Dungeon.
             The game lasted 00:03:35 (2081 turns).

Mysteryquy the Fighter (Gnoll Wanderer)             Turns: 2081, Time: 00:03:36

Health: -2/51      AC: 12    Str: 15    XL:     5   Next: 4%
Magic:  7/7        EV:  4    Int:  7    God:    Trog [**....]
Gold:   108        SH:  0    Dex: 14    Spells: 6/6 levels left

rFire   . . .      SeeInvis .   m - +1 falchion (freeze)
rCold   . . .      Faith    .   (no shield)
rNeg    . . .      Spirit   .   h - +0 plate armour
rPois   .          Reflect  .   n - +0 helmet
rElec   .          Harm     .   (no cloak)
rCorr   .          Rampage  .   c - +0 pair of gloves
Will    .....                   (no boots)
Stlth   ..........              (no amulet)
HPRegen 0.17/turn               (no ring)
MPRegen 0.10/turn               (no ring)

@: on berserk cooldown, slowed, very slow
A: fangs 1, strong nose, distributed training
a: Renounce Religion, Berserk, Trog's Hand


You were on level 3 of the Dungeon.
You worshipped Trog.
Trog was pleased with you.
You visited 1 branch of the dungeon, and saw 3 of its levels.

You collected 108 gold pieces.

Inventory:

Hand Weapons
 a - a +2 spear
 b - a +0 sling
 m - a +1 falchion of freezing (weapon)
Missiles
 u - 2 poisoned darts (quivered)
Armour
 c - a +0 pair of gloves (worn)
 e - a +0 leather armour
 h - a +0 plate armour (worn)
 n - a +0 helmet (worn)
Jewellery
 q - a ring of poison resistance
Scrolls
 g - 2 scrolls of teleportation {unknown}
 i - a scroll of poison {unknown}
 j - 3 scrolls of identify {unknown}
 r - a scroll of enchant weapon {unknown}
 s - a scroll of immolation {unknown}
 t - a scroll of fear {unknown}
Potions
 d - 3 potions of brilliance
 f - a potion of invisibility {unknown}
 k - 3 potions of lignification {unknown}
 l - a potion of curing {unknown}
 o - a potion of haste {unknown}


   Skills:
 + Level 8.6 Fighting
 + Level 1.4 Short Blades
 + Level 1.4 Long Blades
 + Level 1.4 Axes
 + Level 1.4 Maces & Flails
 + Level 4.7 Polearms
 + Level 1.4 Staves
 + Level 2.9 Ranged Weapons
 + Level 1.4 Throwing
 + Level 1.4 Armour
 + Level 1.4 Dodging
 + Level 6.1 Stealth
 + Level 1.4 Shields
 + Level 1.4 Unarmed Combat
 + Level 1.4 Spellcasting
 + Level 1.1 Conjurations
 + Level 1.1 Hexes
 + Level 1.1 Summonings
 + Level 1.1 Necromancy
 + Level 1.1 Translocations
 + Level 1.1 Transmutations
 + Level 1.1 Fire Magic
 + Level 1.1 Ice Magic
 + Level 1.1 Air Magic
 + Level 1.1 Earth Magic
 + Level 1.1 Poison Magic
 + Level 1.5 Invocations
 + Level 1.4 Evocations


You had 6 spell levels left.
You didn't know any spells.
Your spell library contained the following spells:

 Spells                   Type           Power      Damage    Failure   Level
 Slow                     Hex            8%         N/A       100%        1
 Confusing Touch          Hex            2%         N/A       100%        3
 Gell's Gravitas          Tloc           2%         N/A       100%        3
 Lesser Beckoning         Tloc           2%         N/A       100%        3
 Teleport Other           Tloc           2%         N/A       100%        3
 Vampiric Draining        Necr           2%         2d6       100%        3


Dungeon Overview and Level Annotations

Branches:
Dungeon (3/15)

Altars:
Trog

Annotations:
D:3 Grinder, Sigmund


Innate Abilities, Weirdness & Mutations

You have very sharp teeth.
Your uncanny sense of smell can sniff out nearby items.
Your experience applies equally to all skills.


Message History

Grinder barely misses you.
You hit Grinder. You bite Grinder, but do no damage.
Grinder is severely wounded.
You feel the effects of Trog's Hand fading.
The frilled lizard bites you but does no damage.
Grinder hits you but does no damage.
You barely miss Grinder.
Grinder is severely wounded.
The frilled lizard bites you but does no damage.
Grinder hits you but does no damage.
The frilled lizard bites you but does no damage.
Grinder hits you.
You writhe in agony.
You completely miss Grinder.
Grinder is severely wounded.
The frilled lizard bites you. Grinder completely misses you.
The frilled lizard bites you but does no damage.
Grinder barely misses you.
You hit Grinder. Your bite misses Grinder.
Grinder is almost dead.
Your skin stops crawling.
You feel less strong-willed. The frilled lizard barely misses you.
Grinder blinks!
The frilled lizard bites you but does no damage.
You completely miss the frilled lizard. The frilled lizard barely misses you.
Grinder gestures at you. Pain shoots through your body!
* * * LOW HITPOINT WARNING * * *
The frilled lizard completely misses you.
You hit the frilled lizard. You freeze the frilled lizard.
You kill the frilled lizard!
Trog accepts your kill. Grinder barely misses you.
You closely miss Grinder.
Grinder is almost dead.
Grinder gestures at you. Pain shoots through your body!
* * * LOW HITPOINT WARNING * * *
You slash Grinder! You bite Grinder, but do no damage.
Grinder is almost dead.
Grinder hits you.
You die...

## ..... # ..... #< ####.....
#..####.......
...##....#.###########
#####.##....#.#.........# ....∆
..............#.........# ....
######.##@.....#.........# ....
#.......5................# .....
#..............#.).......#
.##§..#...†.........##.........#
#># #..#####.##.......#..<......#
..####....##....†......##########
<.............###.........#
..####.##.###..##.###.###.# ..#
#. #.####..#.# #.# #


You could see Grinder.

Vanquished Creatures
  Robin (D:2)
  3 adders
  2 dart slugs (D:2)
  2 ball pythons
  4 bats
  3 endoplasms
  4 giant cockroaches
  15 goblins
  11 hobgoblins
  10 jackals
  2 quokkas (D:1)
  3 frilled lizards
  3 kobolds
  4 rats
67 creatures vanquished.

Notes
Turn   | Place    | Note
-------+----------+-------------------------------------------
     0 | D:1      | Mysteryquy the Gnoll Wanderer began the quest for the Orb.
     0 | D:1      | Mysteryquy set off with the following items: a +2 spear, a
                  | +0 sling, a +0 pair of gloves, a potion of brilliance, a +0
                  | leather armour.
     0 | D:1      | Reached XP level 1. HP: 26/26 MP: 1/1
    99 | D:1      | Reached XP level 2. HP: 33/33 MP: 2/2
   544 | D:1      | Reached XP level 3. HP: 38/38 MP: 3/3
   775 | D:1      | Found a faded altar of an unknown god.
   793 | D:1      | Prayed at the altar of an unknown god.
   793 | D:1      | Became a worshipper of Trog the Wrathful
   793 | D:1      | Reached * piety under Trog
   800 | D:1      | Reached skill level 1 in Invocations
  1083 | D:2      | Reached skill level 1 in Short Blades
  1083 | D:2      | Reached skill level 1 in Long Blades
  1083 | D:2      | Reached skill level 1 in Axes
  1083 | D:2      | Reached skill level 1 in Maces & Flails
  1083 | D:2      | Reached skill level 1 in Staves
  1083 | D:2      | Reached skill level 1 in Throwing
  1083 | D:2      | Reached skill level 1 in Armour
  1083 | D:2      | Reached skill level 1 in Dodging
  1083 | D:2      | Reached skill level 1 in Shields
  1083 | D:2      | Reached skill level 1 in Unarmed Combat
  1083 | D:2      | Reached skill level 1 in Spellcasting
  1083 | D:2      | Reached skill level 1 in Evocations
  1186 | D:2      | Noticed Robin
  1188 | D:2      | Reached XP level 4. HP: 45/45 MP: 5/5
  1208 | D:1      | Reached ** piety under Trog
  1241 | D:2      | Killed Robin
  1242 | D:2      | Reached skill level 1 in Conjurations
  1242 | D:2      | Reached skill level 1 in Hexes
  1242 | D:2      | Reached skill level 1 in Summonings
  1242 | D:2      | Reached skill level 1 in Necromancy
  1242 | D:2      | Reached skill level 1 in Translocations
  1242 | D:2      | Reached skill level 1 in Transmutations
  1242 | D:2      | Reached skill level 1 in Fire Magic
  1242 | D:2      | Reached skill level 1 in Ice Magic
  1242 | D:2      | Reached skill level 1 in Air Magic
  1242 | D:2      | Reached skill level 1 in Earth Magic
  1242 | D:2      | Reached skill level 1 in Poison Magic
  1618 | D:3      | Noticed Sigmund
  1618 | D:3      | Noticed Grinder
  1991 | D:3      | Reached XP level 5. HP: 50/51 MP: 7/7
  2048 | D:3      | Paralysed by Grinder for 4 turns
  2080 | D:3      | HP: 2/51 [Grinder/nerve-wracking pain (6)]
  2081 | D:3      | Slain by Grinder

Illustrated notes

Levels and vault maps discovered:
D:1:      psy_arrival_whirlpool, layout_loops_corners,
          hellmonk_ecumenical_altar_heavens_door, minmay_misc_feat_tower
D:2:      layout_rooms, uniq_robin
D:3:      layout_rooms, lemuel_doored_altar, uniq_sigmund, uniq_jessica,
          uniq_grinder

Skill      XL: |  1  2  3  4 |
---------------+-------------+-----
Stealth        | 6 |  6.1
Invocations    | 1 |  1.5
Short Blades   | 1 |  1.4
Long Blades    | 1 |  1.4
Axes           | 1 |  1.4
Maces & Flails | 1 |  1.4
Staves         | 1 |  1.4
Throwing       | 1 |  1.4
Armour         | 1 |  1.4
Dodging        | 1 |  1.4
Shields        | 1 |  1.4
Unarmed Combat | 1 |  1.4
Spellcasting   | 1 |  1.4
Evocations     | 1 |  1.4
Conjurations   | 1 |  1.1
Hexes          | 1 |  1.1
Summonings     | 1 |  1.1
Necromancy     | 1 |  1.1
Translocations | 1 |  1.1
Transmutations | 1 |  1.1
Fire Magic     | 1 |  1.1
Ice Magic      | 1 |  1.1
Air Magic      | 1 |  1.1
Earth Magic    | 1 |  1.1
Poison Magic   | 1 |  1.1
Fighting       | |  8.6
Polearms       | |  4.7
Ranged Weapons | |  2.9

Action                   |  1- 3 |  4- 6 || total
-------------------------+-------+-------++-------
Melee: Spear             |   101 |    21 ||   122
       Bite              |     6 |     8 ||    14
       Falchion          |       |    47 ||    47
       Punch             |       |     2 ||     2
 Fire: Sling             |       |     4 ||     4
Invok: Berserk           |       |     2 ||     2
       Trog's Hand       |       |     2 ||     2
  Use: Potion            |       |     1 ||     1
 Stab: Sleeping          |     6 |       ||     6
Armor: Leather armour    |     4 |       ||     4
       Plate armour      |    32 |    94 ||   126
Dodge: Dodged            |    22 |    20 ||    42
